PAA
SALEM MISFITS @ ATHLETIC CLUB KC ACADEMY
07/16/2028
 
TOP OF THE 1ST
Salem Misfits batting - Pitching for Athletic Club KC Academy : RHP Gabriel Reyes
Pitching: RHP Gabriel Reyes
Batting: LHB Rodrigo Gómez 0-0: Ball
1-0: Called Strike
1-1: Ground out 1-3 (Groundball, P)
Batting: RHB Jorge Gómez 0-0: Called Strike
0-1: SINGLE (Line Drive, 89S)
Batting: RHB Paul Penrice 0-0: Ball
Jorge Gómez steals 2nd base
1-0: Ball
2-0: Foul Ball, location: 2F
2-1: Ball
Jorge Gómez is caught stealing 3rd base
3-1: Called Strike
3-2: SINGLE (Groundball, 6MD)
Batting: RHB Ralph Cranford 0-0: Called Strike
0-1: Ball
1-1: Fielders Choice at 2nd, 6-4 (Groundball, 56)
Top of the 1st over - 0 run(s), 2 hit(s), 0 error(s), 0 left on base; Salem 0 - Athletic Club KC Academy 0
BOTTOM OF THE 1ST
Athletic Club KC Academy batting - Pitching for Salem Misfits : RHP Damien Hayward
Pitching: RHP Damien Hayward
Batting: RHB Jesús Vargas 0-0: Called Strike
0-1: Foul Ball, location: 2F
0-2: Ball
1-2: Ball
2-2: Foul Ball, location: 2F
2-2: Foul Ball, location: 2F
2-2: Strikes out swinging
Batting: LHB Tony García 0-0: Swinging Strike
0-1: Ball
1-1: Ball
2-1: Swinging Strike
2-2: Foul Ball, location: 2F
2-2: Ground out U3 (Groundball, 3L)
Batting: LHB Tsai Ng 0-0: Called Strike
0-1: Ball
1-1: SINGLE (Line Drive, 78S)
Batting: LHB Matt Herman 0-0: Ball
1-0: Ball
2-0: Ball
3-0: Called Strike
3-1: Called Strike
3-2: Fly out, F6 (Flyball, 6MD)
Bottom of the 1st over - 0 run(s), 1 hit(s), 0 error(s), 1 left on base; Salem 0 - Athletic Club KC Academy 0
TOP OF THE 2ND
Salem Misfits batting - Pitching for Athletic Club KC Academy : RHP Gabriel Reyes
Batting: LHB Austin Hathaway 0-0: Ball
1-0: SINGLE (Flyball, 78S)
Batting: LHB Cris Gonzáles 0-0: Called Strike
0-1: Called Strike
0-2: Ball
1-2: Fielders Choice at 2nd, 4-6 (Groundball, 4)
Batting: RHB Vicente Andros 0-0: Ball
1-0: Ball
2-0: Ball
3-0: Called Strike
3-1: Foul Ball, location: 2F
3-2: Foul Ball, location: 2F
3-2: Foul Ball, location: 2F
3-2: Base on Balls
Cris Gonzáles to second
Batting: RHB Ryan Fiore 0-0: Ball
1-0: Ball
2-0: Foul Ball, location: 2F
2-1: Ball
3-1: Base on Balls
Cris Gonzáles to third
Vicente Andros to second
Batting: RHB Paul O'Neill 0-0: Called Strike
0-1: Foul Ball, location: 2F
0-2: Ball
1-2: Ball
2-2: Ball
3-2: Base on Balls
Cris Gonzáles scores
Vicente Andros to third
Ryan Fiore to second
Batting: LHB Rodrigo Gómez 0-0: Ball
1-0: Foul Ball, location: 2F
1-1: Foul Ball, location: 2F
1-2: Fly out, F8 (Flyball, 8RD)
Runner from 3rd tags up, SCORES, no throw
Batting: RHB Jorge Gómez 0-0: Ball
Wild Pitch!
Ryan Fiore to third
Paul O'Neill to second
1-0: Swinging Strike
1-1: Foul Ball, location: 2F
1-2: Ball
2-2: Strikes out swinging
Top of the 2nd over - 2 run(s), 1 hit(s), 0 error(s), 2 left on base; Salem 2 - Athletic Club KC Academy 0
BOTTOM OF THE 2ND
Athletic Club KC Academy batting - Pitching for Salem Misfits : RHP Damien Hayward
Batting: RHB Andrés Medina 0-0: Swinging Strike
0-1: Foul Ball, location: 2F
0-2: Ball
1-2: Foul Ball, location: 2F
1-2: Strikes out swinging
Batting: LHB Héctor Barrios 0-0: Ball
1-0: Ball
2-0: Foul Ball, location: 2F
2-1: Ball
3-1: Ground out U3 (Groundball, 3)
Batting: RHB Khal Drogo 0-0: Called Strike
0-1: Swinging Strike
0-2: Strikes out looking
Bottom of the 2nd over - 0 run(s), 0 hit(s), 0 error(s), 0 left on base; Salem 2 - Athletic Club KC Academy 0
TOP OF THE 3RD
Salem Misfits batting - Pitching for Athletic Club KC Academy : RHP Gabriel Reyes
Batting: RHB Paul Penrice 0-0: Called Strike
0-1: Foul Ball, location: 2F
0-2: Ground out 1-3 (Groundball, 13S)
Batting: RHB Ralph Cranford 0-0: Called Strike
0-1: Ball
1-1: Called Strike
1-2: Strikes out swinging
Batting: LHB Austin Hathaway 0-0: Ball
1-0: Called Strike
1-1: Foul Ball, location: 2F
1-2: Strikes out swinging
Top of the 3rd over - 0 run(s), 0 hit(s), 0 error(s), 0 left on base; Salem 2 - Athletic Club KC Academy 0
BOTTOM OF THE 3RD
Athletic Club KC Academy batting - Pitching for Salem Misfits : RHP Damien Hayward
Batting: RHB Fernando Rodríguez 0-0: Ball
1-0: Foul Ball, location: 2F
1-1: Foul Ball, location: 2F
1-2: Strikes out swinging
Batting: SHB Gerald Merendino 0-0: Ball
1-0: Called Strike
1-1: Ball
2-1: Foul Ball, location: 2F
2-2: Fly out, F7 (Flyball, 78M)
Batting: RHB Jesús Vargas 0-0: Ball
1-0: Foul Ball, location: 2F
1-1: Swinging Strike
1-2: Foul Ball, location: 2F
1-2: Foul Ball, location: 2F
1-2: Strikes out swinging
Bottom of the 3rd over - 0 run(s), 0 hit(s), 0 error(s), 0 left on base; Salem 2 - Athletic Club KC Academy 0
TOP OF THE 4TH
Salem Misfits batting - Pitching for Athletic Club KC Academy : RHP Gabriel Reyes
Batting: LHB Cris Gonzáles 0-0: Called Strike
0-1: Foul Ball, location: 2F
0-2: Fly out, F9 (Flyball, 9D)
Batting: RHB Vicente Andros 0-0: Swinging Strike
0-1: Called Strike
0-2: Ball
1-2: Ball
2-2: Ball
3-2: Fly out, F9 (Line Drive, 9S)
Batting: RHB Ryan Fiore 0-0: Called Strike
0-1: Swinging Strike
0-2: Fly out, F8 (Line Drive, 8LM)
Top of the 4th over - 0 run(s), 0 hit(s), 0 error(s), 0 left on base; Salem 2 - Athletic Club KC Academy 0
BOTTOM OF THE 4TH
Athletic Club KC Academy batting - Pitching for Salem Misfits : RHP Damien Hayward
Batting: LHB Tony García 0-0: Called Strike
0-1: Ball
1-1: DOUBLE (Flyball, 78D)
Batting: LHB Tsai Ng 0-0: Foul Ball, location: 2F
0-1: Foul Ball, location: 2F
0-2: Ball
1-2: Ball
2-2: Ball
3-2: Ground out 6-3 (Groundball, 6M)
Tony García to third
Batting: LHB Matt Herman 0-0: Fly out, F4 (Popup, 4D)
Batting: RHB Andrés Medina 0-0: Swinging Strike
0-1: Called Strike
0-2: Foul Ball, location: 2F
0-2: Fly out, F8 (Flyball, 8LM)
Bottom of the 4th over - 0 run(s), 1 hit(s), 0 error(s), 1 left on base; Salem 2 - Athletic Club KC Academy 0
TOP OF THE 5TH
Salem Misfits batting - Pitching for Athletic Club KC Academy : RHP Gabriel Reyes
Batting: RHB Paul O'Neill 0-0: Called Strike
0-1: Called Strike
0-2: Ball
1-2: Foul Ball, location: 2F
1-2: Ball
2-2: Strikes out swinging
Batting: LHB Rodrigo Gómez 0-0: Fly out, F8 (Flyball, 8RXD)
Batting: RHB Jorge Gómez 0-0: Ball
1-0: Fly out, F5 (Line Drive, 5L)
Top of the 5th over - 0 run(s), 0 hit(s), 0 error(s), 0 left on base; Salem 2 - Athletic Club KC Academy 0
BOTTOM OF THE 5TH
Athletic Club KC Academy batting - Pitching for Salem Misfits : RHP Damien Hayward
Batting: LHB Héctor Barrios 0-0: Ground out U3 (Groundball, 3S)
Batting: RHB Khal Drogo 0-0: Called Strike
0-1: Foul Ball, location: 2F
0-2: Strikes out swinging
Batting: RHB Fernando Rodríguez 0-0: Ball
1-0: Ground out 4-3 (Groundball, 4)
Bottom of the 5th over - 0 run(s), 0 hit(s), 0 error(s), 0 left on base; Salem 2 - Athletic Club KC Academy 0
TOP OF THE 6TH
Salem Misfits batting - Pitching for Athletic Club KC Academy : RHP Gabriel Reyes
Batting: RHB Paul Penrice 0-0: Fly out, F4 (Popup, 4MD)
Batting: RHB Ralph Cranford 0-0: Called Strike
0-1: Foul Ball, location: 2F
0-2: Ball
1-2: Ball
2-2: Foul Ball, location: 2F
2-2: Ball
3-2: Base on Balls
Batting: LHB Austin Hathaway 0-0: Ball
1-0: Ball
2-0: Foul Ball, location: 2F
2-1: Ball
3-1: Base on Balls
Ralph Cranford to second
Batting: LHB Cris Gonzáles 0-0: Ball
1-0: Called Strike
1-1: Swinging Strike
1-2: DOUBLE (Flyball, 8RXD)
Ralph Cranford scores
Austin Hathaway to third
Batting: RHB Vicente Andros 0-0: Ball
1-0: Called Strike
1-1: Swinging Strike
1-2: Foul Ball, location: 2F
1-2: SINGLE (Groundball, 3D)
Austin Hathaway scores
Cris Gonzáles to third
Runner from 3rd tries for Home, throw and OUT!
Batting: RHB Ryan Fiore 0-0: Ball
1-0: Ball
2-0: Fly out, F1 (Line Drive, 13)
Top of the 6th over - 2 run(s), 2 hit(s), 0 error(s), 1 left on base; Salem 4 - Athletic Club KC Academy 0
BOTTOM OF THE 6TH
Athletic Club KC Academy batting - Pitching for Salem Misfits : RHP Damien Hayward
Batting: SHB Gerald Merendino 0-0: Swinging Strike
0-1: Ball
1-1: Foul Ball, location: 2F
1-2: Foul Ball, location: 2F
1-2: Strikes out swinging
Batting: RHB Jesús Vargas 0-0: Called Strike
0-1: Swinging Strike
0-2: Strikes out swinging
Batting: LHB Tony García 0-0: Ball
1-0: Ball
2-0: Ball
3-0: Called Strike
3-1: Called Strike
3-2: Foul Ball, location: 2F
3-2: Ground out 4-3 (Groundball, 4)
Bottom of the 6th over - 0 run(s), 0 hit(s), 0 error(s), 0 left on base; Salem 4 - Athletic Club KC Academy 0
TOP OF THE 7TH
Salem Misfits batting - Pitching for Athletic Club KC Academy : RHP Gabriel Reyes
Batting: RHB Paul O'Neill 0-0: Called Strike
0-1: Called Strike
0-2: Ball
1-2: Ground out 1-3 (Groundball, P)
Batting: LHB Rodrigo Gómez 0-0: Ball
1-0: Ball
2-0: Ball
3-0: Called Strike
3-1: Base on Balls
Pitching: RHP Rubén Rivera
Batting: RHB Jorge Gómez 0-0: Foul Ball, location: 2F
0-1: Ball
1-1: Ball
2-1: SINGLE (Line Drive, 3D)
Rodrigo Gómez to second
Batting: RHB Paul Penrice 0-0: Called Strike
0-1: Foul Ball, location: 2F
0-2: Ball
1-2: Foul Ball, location: 2F
1-2: Fly out, F5 (Line Drive, 5)
Batting: RHB Ralph Cranford 0-0: Called Strike
0-1: Called Strike
0-2: Hit by Pitch
Rodrigo Gómez to third
Jorge Gómez to second
Batting: LHB Austin Hathaway 0-0: Called Strike
0-1: Ball
1-1: Ball
2-1: Called Strike
2-2: Foul Ball, location: 2F
2-2: TRIPLE (Flyball, 8RXD)
Rodrigo Gómez scores
Jorge Gómez scores
Ralph Cranford scores
Batting: LHB Cris Gonzáles 0-0: Ball
1-0: Ball
2-0: Called Strike
2-1: 2-RUN HOME RUN (Flyball, 9D), Distance : 373 ft
Batting: RHB Vicente Andros 0-0: Ball
1-0: Swinging Strike
1-1: Ball
2-1: Called Strike
2-2: Foul Ball, location: 2F
2-2: SINGLE (Groundball, 6MD)
Pitching: RHP Joe Walton
Batting: RHB Ryan Fiore 0-0: Ball
1-0: Foul Ball, location: 2F
1-1: Called Strike
1-2: 2-RUN HOME RUN (Flyball, 7D), Distance : 390 ft
Batting: RHB Paul O'Neill 0-0: Called Strike
0-1: Swinging Strike
0-2: Strikes out looking
Top of the 7th over - 7 run(s), 5 hit(s), 0 error(s), 0 left on base; Salem 11 - Athletic Club KC Academy 0
BOTTOM OF THE 7TH
Athletic Club KC Academy batting - Pitching for Salem Misfits : RHP Damien Hayward
Batting: LHB Tsai Ng 0-0: Ground out 6-3 (Groundball, 6S)
Batting: LHB Matt Herman 0-0: Ball
1-0: Fly out, F8 (Line Drive, 8LD)
Batting: RHB Andrés Medina 0-0: Called Strike
0-1: Fly out, F7 (Line Drive, 7)
Bottom of the 7th over - 0 run(s), 0 hit(s), 0 error(s), 0 left on base; Salem 11 - Athletic Club KC Academy 0
TOP OF THE 8TH
Salem Misfits batting - Pitching for Athletic Club KC Academy : RHP Joe Walton
Batting: LHB Rodrigo Gómez 0-0: Ball
1-0: Ball
2-0: Ball
3-0: Called Strike
3-1: Fly out, F5 (Popup, 5L)
Batting: RHB Jorge Gómez 0-0: Ball
1-0: Called Strike
1-1: Ball
2-1: Ball
3-1: SINGLE (Groundball, 56D)
Batting: RHB Paul Penrice 0-0: Fly out, F2 (Popup, 2L)
Batting: RHB Ralph Cranford 0-0: Fly out, F7 (Line Drive, 7)
Top of the 8th over - 0 run(s), 1 hit(s), 0 error(s), 1 left on base; Salem 11 - Athletic Club KC Academy 0
BOTTOM OF THE 8TH
Athletic Club KC Academy batting - Pitching for Salem Misfits : RHP Damien Hayward
Batting: LHB Héctor Barrios 0-0: Ball
1-0: Foul Ball, location: 2F
1-1: Ball
2-1: Ball
3-1: Foul Ball, location: 2F
3-2: Ground out 4-3 (Groundball, 4)
Batting: RHB Khal Drogo 0-0: SINGLE (Groundball, 56D)
Batting: RHB Fernando Rodríguez 0-0: Foul Ball, location: 2F
0-1: SINGLE (Flyball, 89S)
Khal Drogo to second
Runner from 2nd tries for 3rd, SAFE, no throw
Batting: SHB Gerald Merendino 0-0: Ball
1-0: Ball
2-0: Foul Ball, location: 2F
2-1: Swinging Strike
2-2: Ball
3-2: Base on Balls
Fernando Rodríguez to second
Batting: RHB Jesús Vargas 0-0: Foul Ball, location: 2F
0-1: Ball
1-1: DOUBLE (Line Drive, 8LD)
Khal Drogo scores
Fernando Rodríguez scores
Gerald Merendino to third
Runner from 3rd tries for Home, SAFE, no throw
Batting: LHB Tony García 0-0: Ball
1-0: Ball
2-0: Swinging Strike
2-1: Ball
3-1: Called Strike
3-2: DOUBLE (Flyball, 89D)
Jesús Vargas scores
Pitching: RHP Darryl Bachman
Batting: LHB Tsai Ng 0-0: Ball
1-0: Ball
2-0: Ball
3-0: Called Strike
3-1: Fly out, F8 (Flyball, 8LM)
Batting: LHB Matt Herman 0-0: Fly out, F8 (Flyball, 8LM)
Bottom of the 8th over - 4 run(s), 4 hit(s), 0 error(s), 1 left on base; Salem 11 - Athletic Club KC Academy 4
TOP OF THE 9TH
Salem Misfits batting - Pitching for Athletic Club KC Academy : RHP Joe Walton
Pitching: RHP Jeremy G. Wentworth
Batting: LHB Austin Hathaway 0-0: Called Strike
0-1: Ball
1-1: Called Strike
1-2: Ball
2-2: Ball
3-2: Strikes out looking
Batting: LHB Cris Gonzáles 0-0: Foul Ball, location: 2F
0-1: Ball
1-1: Swinging Strike
1-2: Ball
2-2: Foul Ball, location: 2F
2-2: SINGLE (Line Drive, 4MD)
Batting: RHB Vicente Andros 0-0: Grounds into double play, 6-4-3 (Groundball, 6)
Top of the 9th over - 0 run(s), 1 hit(s), 0 error(s), 0 left on base; Salem 11 - Athletic Club KC Academy 4
BOTTOM OF THE 9TH
Athletic Club KC Academy batting - Pitching for Salem Misfits : RHP Darryl Bachman
Batting: RHB Andrés Medina 0-0: Ground out 6-3 (Groundball, 6)
Batting: LHB Héctor Barrios 0-0: Ball
1-0: Foul Ball, location: 2F
1-1: Ball
2-1: Swinging Strike
2-2: Fly out, F6 (Popup, 6S)
Batting: RHB Khal Drogo 0-0: Fly out, F6 (Popup, 6D)
Bottom of the 9th over - 0 run(s), 0 hit(s), 0 error(s), 0 left on base; Salem 11 - Athletic Club KC Academy 4
Wednesday, August 16th, 2017 - OOTP Baseball 17.12 Build 75